 Dungeon Crawl Stone Soup version 0.29-a0-330-g52719c12eb (webtiles) character file.

Game seed: 13614591652185588962

66 Ajdolov the Slasher (level 4, -2/38 HPs)
             Began as a Barachi Monk on Apr 19, 2022.
             Slain by Natasha (4 damage)
             ... on level 2 of the Dungeon.
             The game lasted 00:01:41 (1457 turns).

Ajdolov the Slasher (Barachi Monk)                  Turns: 1457, Time: 00:01:43

Health: -2/38      AC:  6    Str: 12    XL:     4   Next: 15%
Magic:  4/4        EV: 11    Int: 10    God:
Gold:   48         SH:  0    Dex: 17    Spells: 3/3 levels left

rFire   . . .      SeeInvis .   a - +0 falchion
rCold   . . .      Faith    .   (no shield)
rNeg    . . .      Spirit   .   g - +0 ring mail
rPois   .          Reflect  .   (no helmet)
rElec   .          Harm     .   (no cloak)
rCorr   .          Rampage  .   j - +0 pair of gloves
Will    +....                   (no boots)
Stlth   +.........              (no amulet)
HPRegen 0.12/turn               f - ring of willpower
MPRegen 0.09/turn               (no ring)

@: slow
A: amphibious, slowness 1, strong legs 1, +LOS
a: Hop


You were on level 2 of the Dungeon.
You visited 1 branch of the dungeon, and saw 2 of its levels.

You collected 48 gold pieces.

Inventory:

Hand Weapons
 a - a +0 falchion (weapon)
Armour
 g - a +0 ring mail (worn)
 j - a +0 pair of gloves (worn)
Jewellery
 f - a ring of willpower (left hand)
Wands
 i - a wand of digging (6)
Scrolls
 e - a scroll of blinking {unknown}
 h - 2 scrolls of identify {unknown}
 k - a scroll of enchant armour {unknown}
 m - a scroll of enchant weapon {unknown}
Potions
 b - 2 potions of heal wounds {unknown}
 c - a potion of ambrosia
 d - 2 potions of brilliance {unknown}
 l - a potion of resistance {unknown}


   Skills:
 + Level 4.4 Fighting
 * Level 5.3 Long Blades
 - Level 3.2 Dodging
 - Level 1.7 Stealth


You had 3 spell levels left.
You didn't know any spells.
Your spell library contained the following spells:

 Spells                   Type           Power      Damage    Failure   Level
 Apportation              Tloc           0%         N/A       65%         1
 Alistair's Intoxication  Tmut/Pois      0%         N/A       100%        5


Dungeon Overview and Level Annotations

Branches:
Dungeon (2/15)

Altars:

Annotations:
D:2 Natasha


Innate Abilities, Weirdness & Mutations

You are amphibious.
You cover ground slowly.
You can hop short distances.
You have an extended range of vision and can be seen from far away.


Message History

You hit the quokka but do no damage. The quokka closely misses you.
Natasha claws you! Natasha claws you. The quokka bites you.
You hit the quokka.
The quokka is moderately wounded.
The quokka bites you.
You slash the quokka!
You kill the quokka!
Natasha claws you.
You hit Natasha.
Natasha is moderately wounded.
Natasha claws you. Natasha closely misses you.
You hit Natasha.
Natasha is moderately wounded.
Natasha barely misses you.
You hit Natasha but do no damage.
Natasha is moderately wounded.
Natasha claws you.
* * * LOW HITPOINT WARNING * * *
Natasha closely misses you.
You closely miss Natasha.
Natasha is moderately wounded.
Natasha mewls in sadness.
Natasha misses you.
You hit Natasha.
Natasha is heavily wounded.
Natasha claws you but does no damage. Natasha claws you.
* * * LOW HITPOINT WARNING * * *
Unknown command.
You hit Natasha.
Natasha is heavily wounded.
Natasha barely misses you.
You closely miss Natasha.
Natasha is heavily wounded.
Natasha casts a spell at you. The magic dart hits you.
* * * LOW HITPOINT WARNING * * *
Natasha claws you.
You die...

#.# ##. #.##(# #.#
########### #.##.#
.[#
.......†..###.##.#
###
.########.....##.#
# #........### #<
#.######...#
.###..#### #.#
#.#.#
.........#####.#
#.#.#
......[..h@....#
#.#.#
####..##.#####.#
#.#.# # #.# #.#
#.... ... #.#
#..#. #... #.# ...
. ..... ..# ..# ##
...... #.# .......
#.# #.#...## #.#


You could see Natasha (fast).

Vanquished Creatures
  Natasha (D:2)
  2 adders (D:2)
  3 ball pythons
  2 bats (D:2)
  3 endoplasms
  A goblin (D:1)
  5 jackals (D:2)
  2 kobolds (D:1)
  A quokka (D:2)
  2 rats (D:1)
22 creatures vanquished.

Notes
Turn   | Place    | Note
-------+----------+-------------------------------------------
     0 | D:1      | Ajdolov the Barachi Monk began the quest for the Orb.
     0 | D:1      | Reached XP level 1. HP: 18/18 MP: 1/1
   311 | D:1      | Reached skill level 4 in Long Blades
   442 | D:1      | Reached XP level 2. HP: 25/25 MP: 2/2
   998 | D:2      | Reached XP level 3. HP: 23/30 MP: 3/3
  1235 | D:2      | Noticed Natasha
  1246 | D:2      | Killed Natasha
  1247 | D:2      | Reached skill level 5 in Long Blades
  1247 | D:2      | Reached XP level 4. HP: 22/38 MP: 4/4
  1443 | D:2      | Noticed Natasha
  1457 | D:2      | Slain by Natasha

Illustrated notes

Levels and vault maps discovered:
D:1:      giann_wishing_wells, layout_rooms
D:2:      layout_loops_ring, minmay_heptomino_d4, uniq_natasha

Skill      XL: |  1  2  3 |
---------------+----------+-----
Long Blades    | 4 5 |  5.3
Fighting       | 4 |  4.4
Dodging        | |  3.2
Stealth        | |  1.7

Action                   |  1- 3 |  4- 6 || total
-------------------------+-------+-------++-------
Melee: Falchion          |    81 |    11 ||    92
 Stab: Sleeping          |     1 |       ||     1
Armor: Ring mail         |    32 |     2 ||    34
       Robe              |     1 |       ||     1
Dodge: Dodged            |    55 |     7 ||    62

Table legend: (Time is in decaauts)
 A = Elapsed time spent in this place.
 B = Non-inter-level travel time spent in this place.
 C = Inter-level travel time spent in this place.
 D = Time resting spent in this place.
 E = Time spent auto-exploring this place.
 F = Levels seen in this place.
 G = Mean time per level.
                   A        B        C        D        E       F      G
               +--------+--------+--------+--------+--------+-----+--------+
         Total |   1597 |   1581 |     16 |     24 |   1243 |   2 |  798.5 |
       Dungeon |   1597 |   1581 |     16 |     24 |   1243 |   2 |  798.5 |
               +--------+--------+--------+--------+--------+-----+--------+

Top non-repeatable levels by time:
     D:2: 800 daAuts
     D:1: 797 daAuts
